 BcadrenCrawl: Boulder Brew version 0.03.2.1-57-gb351b3c6d7 (webtiles) character file.

Game seed: 10120057066247827221, levelgen mode: deterministic

156 esc the Ruffian (level 5, -1/41 HPs) Immature Draconian Demonspawn. Began on Feb 4, 2021. Succumbed to a water moccasin's poison ... on level 2 of the Dungeon. The game lasted 00:01:02 (899 turns).

esc the Ruffian (Immature Draconian Demonspawn)      Turns: 899, Time: 00:01:02

Health: -1/41      AC:  6    Str: 16    XL:     5 ^: 157
Magic:  7/7        EV: 12    Int: 14    God:
Gold:   69         SH:  0    Dex: 10    Spells: 5/6 levels left

rFire    . . .     Vision   .     - Unarmed
rCold    . . .     Gourm    .     - Unarmed
rNeg     . . .     Faith    .   (armour unavailable)
rPois    .         Spirit   .   (helmet restricted)
rElec    .         Reflect  .   (no cloak)
rCorr    .         Harm     .   (no gloves)
MR       .....                  (no boots)
Stlth    ++........             (no amulet)
HPRegen  0.23/turn              (no ring)
MPRegen  0.17/turn              (no ring)

@: lethally poisoned (-1 -> -26)
A: no body armour, unfitting armour, claws 2, spiny 2, cold-blooded, AC +6
a: Breathe Dart


You were on level 2 of the Dungeon.
You were not hungry.

You visited 1 branch of the dungeon, and saw 2 of its levels.

You collected 69 gold pieces.

Inventory:

Jewellery
 e - an uncursed ring of magical power
 g - a cursed ring of ice {(Curse: *Corrode)}
Scrolls
 c - a scroll of teleportation
 f - a scroll of magic mapping
Potions
 d - a potion of curing
Comestibles
 a - 2 chunks of flesh
 b - 4 rations


   Skills:
 + Level 2.3 Fighting
 + Level 2.8 Dodging
 - Level 1.3 Stealth
 * Level 3.9 Unarmed Combat
 - Level 1.3 Spellcasting
 - Level 1.5 Fire Magic
   Level 3.0 Invocations


You had 5 spell levels left.
You knew the following spells:

 Your Spells              Type           Power        Failure   Level  Hunger
a - Flame Tongue          Fire           5 (30)       14%         1    ##.....

Your spell library contained the following spells:

 Spells                   Type           Power        Failure   Level  Hunger
 Blink                    Tloc           N/A          36%         2    ###....
 Call Imp                 Summ           0 (100)      36%         2    ###....
 Slow                     Hex            0 (100)      36%         2    ###....
 Conjure Flame            Fire           5 (100)      38%         3    ####...
 Mephitic Cloud           Pois/Air       0 (100)      58%         3    ####...


Dungeon Overview and Level Annotations

Branches:
Dungeon (2/8)

Altars:


Innate Abilities, Weirdness & Mutations

You cannot fit into any form of body armour.
Your plain brown scales are hard. (AC +6)
You can breathe rudimentary magical darts.
You have very sharp fingernails. (+4 Unarmed)
You are mostly covered in sharp spines.
You are cold-blooded and may be slowed by cold attacks.


Message History

The water moccasin bites you (1).
* * * LOW HITPOINT WARNING * * *
You are more poisoned.
The water moccasin poisons you (13)!
You barely miss the water moccasin. You scratch the water moccasin (6).
You kill the water moccasin!
Your Fighting skill increases to level 2!
You have reached level 4!
You feel clever.
Your demonic ancestry asserts itself...
Your fingernails sharpen.
You have reached level 5!
Your demonic ancestry asserts itself...
Sharp spines emerge from more of your body.
* * * LOW HITPOINT WARNING * * *
You feel sick. (1)
* * * LOW HITPOINT WARNING * * *
You feel very sick. (3)
* * * LOW HITPOINT WARNING * * *
You feel very sick. (3)
You die...

.....≈...≈≈≈.≈#
≈≈≈.≈≈.PPPPPP.#
≈≈.≈≈≈<≈≈≈≈≈P.#
≈.≈≈≈≈≈≈≈≈≈≈≈P#
.....≈≈≈≈≈≈≈PP
≈≈≈≈b.≈b≈≈≈≈PP
≈≈≈≈≈P.≈≈≈≈PP.#
.≈≈≈Z.≈†......# ###
#######@####### #≈#
####.≈###≈#
#≈###.≈....##.##
##≈##...♣......# ##
#≈#♣..♣..♣....##
#≈###...♣♣♣♣♣♣.♣♣≈##
#≈≈###..♣....♣.♣♣..#
#P#≈#≈♣♣.♣♣♣.♣♣♣♣.#
#P..#♣♣♣♣.♣♣..♣♣.#####


You could see a kobold skeleton.

Vanquished Creatures
  A water moccasin (D:2)
  2 giant cockroaches
  2 cinder newts (D:1)
  A dart slug (D:1)
  3 hobgoblins (D:1)
  2 bats (D:1)
  3 rats (D:1)
14 creatures vanquished.

Vanquished Creatures (others)
  33 withered plants (D:2)
33 creatures vanquished.

Grand Total: 47 creatures vanquished

Notes
Turn   | Place    | Note
-------+----------+-------------------------------------------
     0 | D:1      | esc the Immature Draconian Demonspawn began the quest for
                  | the Orb.
     0 | D:1      | Reached XP level 1. HP: 16/16 MP: 3/3
    94 | D:1      | Gained mutation: You have sharp fingernails. (+2 Unarmed)
                  | [demonic ancestry]
    94 | D:1      | Reached XP level 2. HP: 23/23 MP: 4/4
   532 | D:1      | Gained mutation: You are partially covered in sharp spines.
                  | [demonic ancestry]
   532 | D:1      | Reached XP level 3. HP: 28/28 MP: 5/5
   776 | D:2      | Found a faded altar of an unknown god.
   878 | D:2      | Noticed a water moccasin
   896 | D:2      | Killed a water moccasin
   896 | D:2      | Gained mutation: You have very sharp fingernails. (+4
                  | Unarmed) [demonic ancestry]
   896 | D:2      | Reached XP level 4. HP: 7/36 MP: 6/6
   896 | D:2      | Gained mutation: You are mostly covered in sharp spines.
                  | [demonic ancestry]
   896 | D:2      | Reached XP level 5. HP: 8/41 MP: 7/7
   898 | D:2      | HP: 1/41 [poisoned by a water moccasin]
   899 | D:2      | Succumbed to a water moccasin's poison

Levels and vault maps discovered:
D:1:      wheals_arrival_shading, layout_loops_ring, serial_aquarium,
          aquarium_bridge_straight [aquarium_subvault_bridge,
          aquarium_subvault_wall, aquarium_subvault_bridge,
          aquarium_subvault_wall], aquarium_window_corridor_1,
          aquarium_window_double, aquarium_window_fake, aquarium_view_2a,
          aquarium_pool_double, minmay_split_cup_large
D:2:      layout_sewer, chequers_ecumenical_altar_grove

Skill      XL: |  1  2  3 |
---------------+----------+-----
Unarmed Combat | 2 3 |  3.9
Fighting       | 2 |  2.3
Dodging        | |  2.8
Stealth        | |  1.3
Spellcasting   | |  1.3
Fire Magic     | |  1.5
Invocations    | |  3.0

Action                   |  1- 3 |  4- 6 || total
-------------------------+-------+-------++-------
Melee: Unarmed           |    58 |       ||    58
       Tailslap          |     3 |       ||     3
 Stab: Sleeping          |     1 |       ||     1
Armor: Skin              |     3 |       ||     3
Dodge: Dodged            |    12 |       ||    12
